 Dungeon Crawl Stone Soup version 0.20.1 (console) character file.

217 bli the Chopper (level 5, -4/41 HPs)
             Began as a Demonspawn Monk on July 2, 2017.
             Killed from afar by a white imp (7 damage)
             ... with a puff of frost
             ... summoned by TheGamingCockatoo's ghost
             ... on level 4 of the Dungeon.
             The game lasted 00:10:23 (2177 turns).

bli the Chopper (Demonspawn Monk)                   Turns: 2177, Time: 00:10:24

Health: -4/41      AC:  4    Str: 15    XL:     5   Next: 62%
Magic:  5/5        EV: 14    Int: 11    God:
Gold:   152        SH:  0    Dex: 15    Spells: 4/4 levels left

rFire    . . .     SeeInvis .   x - +0 hand axe
rCold    . . .     Gourm    .   (no shield)
rNeg     . . .     Faith    .   b - +0 robe
rPois    .         Spirit   .   (helmet restricted)
rElec    .         Reflect  .   (no cloak)
rCorr    .         Harm     .   (no gloves)
MR       .....                  (no boots)
Stlth    ++........             (no amulet)
Regen    0.2/turn               y - +2 ring of strength
MPRegen  0.1/turn               (no ring)

@: no status effects
A: horns 2, thin metallic scales 1, demonic guardian 1
a: no special abilities


You were on level 4 of the Dungeon.
You were very hungry.

You visited 1 branch of the dungeon, and saw 4 of its levels.

You collected 152 gold pieces.

Inventory:

Hand Weapons
 a - a +0 hand axe
 l - a +0 trident
 r - a +2 short sword of holy wrath
 s - a +0 dagger of pain
 x - a +0 hand axe (weapon)
Missiles
 g - 151 stones (quivered)
Armour
 b - a +0 robe (worn)
 i - a +0 leather armour
 o - a +0 leather armour
 p - a +0 leather armour
 w - a +0 scale mail
Jewellery
 y - a +2 ring of strength (left hand)
Scrolls
 f - 2 scrolls of teleportation {unknown}
 h - 2 scrolls of enchant weapon {unknown}
 j - 3 scrolls of remove curse {unknown}
 k - a scroll of amnesia {unknown}
Potions
 e - a potion of mutation {unknown}
 m - a potion of brilliance {unknown}
 n - a potion of might {unknown}
 q - a potion of flight {unknown}
 u - a potion of degeneration {unknown}
 v - a potion of curing {unknown}
Comestibles
 c - a bread ration
 d - a fruit
 t - a royal jelly
 z - 2 meat rations


   Skills:
 + Level 3.5 Fighting
 + Level 4.5 Axes
 + Level 3.5 Dodging
 + Level 2.8 Stealth


You had 4 spell levels left.
You didn't know any spells.

Dungeon Overview and Level Annotations

Branches:
Dungeon (4/15)
 Temple: D:4-7

Altars:
Qazlal

Annotations:
D:4 TheGamingCockatoo's ghost, novice MfSu


Innate Abilities, Weirdness & Mutations

You have a pair of horns on your head.
You are partially covered in thin metallic scales. (AC +2)
A weak demonic guardian rushes to your aid.


Message History

Your ufetubus hits the ice beast but does no damage.
The white imp hits you.
* * * LOW HITPOINT WARNING * * *
The white imp freezes you.
* * * LOW HITPOINT WARNING * * *
The ice beast closely misses your ufetubus.
Your white imp hits TheGamingCockatoo's ghost but does no damage.
TheGamingCockatoo's ghost hits your white imp but does no damage.
The crimson imp grins evilly.
Your ufetubus barely misses the ice beast. x2
You barely miss the white imp.
The white imp is lightly wounded.
The ice beast hits your white imp. The ice beast freezes your white imp.
Your white imp resists.
Your ufetubus closely misses the ice beast.
Your ufetubus hits the ice beast but does no damage.
The white imp disappears for a moment.
The white imp gestures at you. The puff of frost hits you!
You die...

##...#...>.......###
##.....#...##...#<..#
#............>....#.#
#.........#######.....
#.........##########....
##................. ...
#.......##..##### ..
#.......###.# .
..........# #.# .
..........## #.####....
.........#####@........
.........##5W55...!...#
............Y..........
..!...Y5..........
##.##............. #
..#............
##.###....5..... .
##......... .# .......


You could see 2 ice beasts, TheGamingCockatoo's ghost, 2 crimson imps, a white
imp, a friendly white imp and a friendly ufetubus.

Vanquished Creatures
  An orc priest (D:3)
  Terence (D:3)
  An adder (D:3)
  2 worms (D:3)
  A leopard gecko (D:1)
  3 orcs (D:3)
  A ball python (D:3)
  A giant cockroach (D:3)
  4 goblins (D:1)
  4 hobgoblins (D:1)
  2 quokkas (D:3)
  5 bats
  2 frilled lizards
  10 kobolds
  5 rats
43 creatures vanquished.

Vanquished Creatures (collateral kills)
  The ghost of polve the Sneak, an amateur VSEn (D:3)
1 creature vanquished.

Grand Total: 44 creatures vanquished

Notes
Turn   | Place    | Note
-------+----------+-------------------------------------------
     0 | D:1      | bli the Demonspawn Monk began the quest for the Orb.
     0 | D:1      | Reached XP level 1. HP: 18/18 MP: 1/1
   301 | D:1      | Reached skill level 3 in Axes
   301 | D:1      | Gained mutation: You have a pair of small horns on your head. [demonic ancestry]
   301 | D:1      | Reached XP level 2. HP: 8/24 MP: 2/2
   812 | D:3      | Gained mutation: You are partially covered in thin metallic scales. (AC +2) [demonic ancestry]
   812 | D:3      | Reached XP level 3. HP: 28/29 MP: 3/3
  1065 | D:3      | HP: 1/29 [orc priest/club (1)]
  1066 | D:3      | Reached skill level 4 in Axes
  1066 | D:3      | Gained mutation: A weak demonic guardian rushes to your aid. [demonic ancestry]
  1066 | D:3      | Reached XP level 4. HP: 2/35 MP: 4/4
  1381 | D:3      | Found a stormy altar of Qazlal.
  1431 | D:3      | HP: 1/35 [orc/short sword of holy wrath (1)]
  1792 | D:3      | Noticed polve's ghost (amateur VSEn)
  1818 | D:3      | Killed polve's ghost
  1818 | D:3      | Gained mutation: You have a pair of horns on your head. [demonic ancestry]
  1818 | D:3      | Reached XP level 5. HP: 23/41 MP: 5/5
  1911 | D:3      | Noticed Terence
  1919 | D:3      | Killed Terence
  2162 | D:4      | Noticed TheGamingCockatoo's ghost (novice MfSu)
  2164 | D:4      | Noticed an ice beast
  2169 | D:4      | Noticed an ice beast
  2177 | D:4      | Killed from afar by a white imp

Skill      XL: |  1  2  3 |
---------------+----------+-----
Axes           | 3 4 |  4.5
Dodging        | 3 |  3.5
Stealth        | 2 |  2.8
Fighting       | |  3.5

Action                   |  1- 3 |  4- 6 || total
-------------------------+-------+-------++-------
Melee: Hand axe          |    84 |    58 ||   142
       Headbutt          |    10 |     8 ||    18
 Stab: Sleeping          |     7 |     2 ||     9
  Eat: Chunk             |     1 |     2 ||     3
Armor: Robe              |    17 |     4 ||    21
Dodge: Dodged            |    67 |    34 ||   101
